 Dungeon Crawl Stone Soup version 0.19.5 (webtiles) character file.

63 equalderp2856 the Ducker (level 3, -1/17 HPs)
             Began as a Felid Fighter on Mar 9, 2017.
             Slain by an ooze (5 damage)
             ... on level 2 of the Dungeon.
             The game lasted 00:04:01 (2263 turns).

equalderp2856 the Ducker (Felid Fighter)            Turns: 2263, Time: 00:04:02

Health: -1/17      AC:  1    Str: 13    XL:     3   Next: 89%
Magic:  4/4        EV: 20    Int:  9    God:
Gold:   75         SH:  0    Dex: 15    Spells: 0 memorised, 2 levels left
                                        Lives:  0   Deaths: 0

rFire  . . .     SeeInvis +       - Unarmed
rCold  . . .     Gourm    .     (armour unavailable)
rNeg   . . .     Faith    .     (shield unavailable)
rPois  .         Spirit   .     (helmet unavailable)
rElec  .         Reflect  .     (cloak unavailable)
rCorr  .         Harm     .     (gloves unavailable)
MR     .....                    (boots unavailable)
Stlth  ++........               (no amulet)
                                (no ring)
                                (no ring)

@: quick
A: no armour, no weapons or thrown items, stealth, claws 1, fangs 3, see
invisible, carnivore 3, speed 1, shaggy fur 1, slow metabolism 1, sharp paws
a: no special abilities


You were on level 2 of the Dungeon.
You were not hungry.

You visited 1 branch of the dungeon, and saw 2 of its levels.

You collected 75 gold pieces.

Inventory:

Scrolls
 c - a scroll of immolation {unknown}
 e - 5 scrolls of teleportation {unknown}
 i - a scroll of fog {unknown}
Potions
 a - a potion of might
 g - a potion of flight {unknown}
 j - a potion of agility {unknown}
Comestibles
 b - a meat ration
 h - a royal jelly


   Skills:
 + Level 3.3 Fighting
 + Level 4.7 Dodging
 + Level 1.7 Stealth
 + Level 4.7 Unarmed Combat


You had 2 spell levels left.
You didn't know any spells.

Dungeon Overview and Level Annotations

Branches:
Dungeon (2/15)

Altars:
Trog
The Shining One


Innate Abilities, Weirdness & Mutations

You cannot wear armour.
You are incapable of wielding weapons or throwing items.
Your paws allow you to move quietly. (Stealth)
You have sharp claws.
You have razor-sharp teeth.
You have supernaturally acute eyesight. (SInv)
You are carnivorous and can eat meat at any time.
You cover ground quickly.
You are covered in fur. (AC +1)
You have a slow metabolism.
Your sharp claws are effective at attacking unaware monsters.


Message History

You scratch the sky beast.
The sky beast is lightly wounded.
The sky beast barely misses you.
The sky beast flickers out of sight for a moment.
You miss the sky beast. You bite the sky beast.
The sky beast is moderately wounded.
The sky beast hits you. The sky beast shocks you.
The sky beast flickers out of sight for a moment.
You see here a club.
An ooze comes into view.
The ooze moves out of view.
The ooze quivers.
You scratch the ooze. You bite the ooze.
The ooze is heavily wounded.
The ooze hits you.
* * * LOW HITPOINT WARNING * * *
You completely miss the ooze.
The ooze is heavily wounded.
The ooze hits you.
You die...

........# #)# ........#
#.# ........# #.#
........# #.# ........#
#.# ........# #Y#
'###############.#
.#########.....#.#
........>#.....#@#
######.###.....#J#######
#.#....###.....#.......#
#.#.##'#.......#..####.#
#........#####.#..# #.#
#.#......# #.#..# #.# #
#......# #.#..# #.#
#.#...)..# #....# #.#
..#.#..#.#######.## #.#


You could see a sky beast and an ooze.

Vanquished Creatures
  An adder (D:2)
  An ooze (D:1)
  4 worms (D:2)
  5 goblins
  7 hobgoblins
  5 kobolds
  A quokka (D:2)
  5 bats
  3 frilled lizards (D:1)
  6 rats
38 creatures vanquished.

Notes
Turn   | Place    | Note
-------+----------+-------------------------------------------
     0 | D:1      | equalderp2856 the Felid Fighter began the quest for the Orb.
     0 | D:1      | Reached XP level 1. HP: 10/10 MP: 2/2
   169 | D:1      | Found a glowing golden altar of the Shining One.
   206 | D:1      | Reached XP level 2. HP: 14/14 MP: 3/3
  1175 | D:2      | Reached XP level 3. HP: 17/17 MP: 4/4
  1245 | D:2      | Reached skill level 1 in Stealth
  1962 | D:2      | Noticed a sky beast
  2002 | D:2      | Found a bloodstained altar of Trog.
  2263 | D:2      | Slain by an ooze

Skill      XL: |  1  2  3 |
---------------+----------+-----
Stealth        | 1 |  1.7
Fighting       | |  3.3
Dodging        | |  4.7
Unarmed Combat | |  4.7

Action                   || total
-------------------------++-------
Melee: Unarmed           ||   120
       Bite              ||    15
       Punch             ||     4
  Use: Potion            ||     3
 Stab: Sleeping          ||     4
  Eat: Chunk             ||     5
Armor: Skin              ||     1
Dodge: Dodged            ||    82
